 Dungeon Crawl Stone Soup version 0.21.0 (webtiles) character file.

107 Hekarica the Stinger (level 4, -1/29 HPs)
             Began as an Octopode Venom Mage on May 21, 2018.
             Slain by an orc
             ... wielding a +0 flail
              (9 damage)
             ... on level 3 of the Dungeon.
             The game lasted 00:14:22 (1864 turns).

Hekarica the Stinger (Octopode Venom Mage)          Turns: 1864, Time: 00:14:22

Health: -1/29      AC:  1    Str:  8    XL:     4   Next: 85%
Magic:  8/8        EV: 13    Int: 17    God:
Gold:   81         SH:  0    Dex: 12    Spells: 8/8 levels left

rFire    + . .     SeeInvis .     - Unarmed
rCold    x . .     Gourm    .   (no shield)
rNeg     . . .     Faith    .   (helmet restricted)
rPois    +         Spirit   .   j - amulet of rage
rElec    .         Reflect  .   g - ring of fire
rCorr    .         Harm     .   l - ring of poison resistance
MR       .....                  n - ring of poison resistance
Stlth    +++.......             (no ring)
HPRegen  0.09/turn              (no ring)
MPRegen  0.11/turn              (no ring)
                                (no ring)
                                (no ring)

@: no status effects
A: almost no armour, stealthy swim, amphibious, 8 rings, constrict 8, camouflage
1, gelatinous body 1
a: Evoke Berserk Rage


You were on level 3 of the Dungeon.
You were not hungry.

You visited 1 branch of the dungeon, and saw 3 of its levels.

You collected 81 gold pieces.

Inventory:

Missiles
 c - 25 bolts
 p - 16 arrows
Jewellery
 g - a ring of fire (left tentacle)
 j - an amulet of rage (around mantle)
 l - a ring of poison resistance (right tentacle)
 n - a ring of poison resistance (on tentacle)
Scrolls
 d - 3 scrolls of remove curse
 e - 2 scrolls of fog
 k - a scroll of identify
Books
 a - a Young Poisoner's Handbook

   Spells                             Type                      Level
   a - Sting                          Conjuration/Poison           1
   b - Poisonous Vapours              Poison/Air                   2
   c - Mephitic Cloud                 Conjuration/Poison/Air       3
   d - Olgreb's Toxic Radiance        Poison                       4
   e - Venom Bolt                     Conjuration/Poison           5
Comestibles
 b - 5 rations


   Skills:
 * Level 2.0 Fighting
 + Level 2.2 Dodging
 + Level 3.5 Stealth
 * Level 2.1 Unarmed Combat
 + Level 2.8 Spellcasting
   Level 1.0 Conjurations
   Level 3.6 Poison Magic


You had 8 spell levels left.
You didn't know any spells.

Dungeon Overview and Level Annotations

Branches:
Dungeon (3/15)

Altars:


Innate Abilities, Weirdness & Mutations

You cannot wear most types of armour.
You are very stealthy in the water. (Stealth+)
You are amphibious.
You can wear up to eight rings at the same time.
You can use your tentacles to constrict eight enemies at once.
Your skin changes colour to match your surroundings (Stealth+).
Your rubbery body absorbs attacks. (AC +1, EV +1)


Message History

The fiery explosion engulfs the orc.
The orc explodes!
The fiery explosion engulfs the orc.
The orc explodes!
The fiery explosion engulfs the orc.
You kill the orc!
The fiery explosion engulfs the orc.
The orc explodes!
The fiery explosion engulfs you! You resist.
Ouch! That really hurt!
* * * LOW HITPOINT WARNING * * *
Your Fighting skill increases to level 2!
You hear a shout!
You start resting.
You start resting.
You don't know any spells.
Unknown command.
Unknown command.
The orc hits you with a flail!
You die...

#..# ##.....# ##..o.#
##.####......# #%....#
#...........# #%#...#
####......%.###.#.o.#
######..........)o%...#
....r.........%##)#...#
#####...<....#.##o#...#
......#........##o#...#
.....รท#.........@.#####
......#.......#..##
......##.....##..#
......###...######
......# ##### #######


You could see 3 orcs.

Vanquished Creatures
  The ghost of Capnfrog the Scratcher, a weakling FeTm (D:3)
  2 adders
  2 oozes
  2 worms
  2 dart slugs
  7 orcs (D:3)
  3 giant cockroaches
  6 goblins
  2 hobgoblins
  A quokka (D:3)
  2 ball pythons
  3 bats
  A frilled lizard (D:1)
  3 rats
37 creatures vanquished.

Notes
Turn   | Place    | Note
-------+----------+-------------------------------------------
     0 | D:1      | Hekarica the Octopode Venom Mage began the quest for the Orb.
     0 | D:1      | Reached XP level 1. HP: 11/11 MP: 3/3
   258 | D:1      | Reached XP level 2. HP: 18/18 MP: 3/5
   825 | D:2      | Reached skill level 1 in Fighting
   848 | D:2      | Reached skill level 1 in Unarmed Combat
   918 | D:2      | Reached XP level 3. HP: 23/23 MP: 0/6
  1344 | D:3      | Noticed Capnfrog's ghost (weakling FeTm)
  1520 | D:3      | Reached XP level 4. HP: 15/29 MP: 0/7
  1720 | D:3      | Killed Capnfrog's ghost
  1864 | D:3      | Slain by an orc

Skill      XL: |  1  2  3  4 |
---------------+-------------+-----
Stealth        | 3 |  3.5
Fighting       | 1 2 |  2.0
Unarmed Combat | 1 2 |  2.1
Dodging        | |  2.2
Spellcasting   | |  2.8
Conjurations   | |  1.0
Poison Magic   | |  3.6

Action                   |  1- 3 |  4- 6 || total
-------------------------+-------+-------++-------
Melee: Unarmed           |    26 |    18 ||    44
       Constrict         |     4 |     3 ||     7
       Tentacles         |     6 |     4 ||    10
       Punch             |       |     1 ||     1
 Cast: Sting             |    52 |     6 ||    58
  Use: Scroll            |     1 |     6 ||     7
       Potion            |       |     4 ||     4
  Eat: Ration            |     1 |       ||     1
Armor: Skin              |     1 |     1 ||     2
Dodge: Dodged            |    11 |    16 ||    27
